 Dungeon Crawl Stone Soup version 0.28.0-53-g5a82cb258f (webtiles) character file.

Game seed: 5729905130245864985

8 ChickenMitten the Chucker (level 2, 25/29 HPs)
             Began as an Ogre Hunter on Aug 6, 2022.
             Was a Follower of Dithmenos.
             Got out of the dungeon alive.
             The game lasted 00:01:32 (360 turns).

ChickenMitten the Chucker (Ogre Hunter)              Turns: 360, Time: 00:01:33

Health: 25/29      AC:  3    Str: 15    XL:     2   Next: 8%
Magic:  2/2        EV:  9    Int: 12    God:    Dithmenos [*.....]
Gold:   32         SH:  0    Dex:  9    Spells: 1/1 levels left

rFire   . . .      SeeInvis .   a - +0 short sword
rCold   . . .      Faith    .   (no shield)
rNeg    . . .      Spirit   .   b - +0 robe
rPois   .          Reflect  .   (helmet restricted)
rElec   .          Harm     .   (no cloak)
rCorr   .          Rampage  .   (gloves unavailable)
Will    .....                   (boots unavailable)
Stlth   +.........              (no amulet)
HPRegen 0.09/turn               (no ring)
MPRegen 0.08/turn               (no ring)

@: wreathed by umbra
A: large, unfitting armour, tough skin 1
a: Renounce Religion


You escaped.
You worshipped Dithmenos.
Dithmenos was aware of your devotion.
You visited 1 branch of the dungeon, and saw 1 of its levels.

You collected 32 gold pieces.

Inventory:

Hand Weapons
 a - a +0 short sword (weapon)
Missiles
 c - 10 large rocks (quivered)
 d - 2 throwing nets
Armour
 b - a +0 robe (worn)
 f - a +1 pair of gloves of dexterity
Scrolls
 g - a scroll of identify {unknown}
Potions
 e - a potion of heal wounds {unknown}


   Skills:
 * Level 2.9 Fighting
 * Level 4.3 Throwing
 + Level 1.8 Dodging
 - Level 0.6 Stealth


You had one spell level left.
You didn't know any spells.
Your spell library was empty.

Dungeon Overview and Level Annotations

Branches:
Dungeon (1/15)

Altars:
Dithmenos

Shops:
D:1 !


Innate Abilities, Weirdness & Mutations

You are too large for most types of armour.
You have tough skin. (AC +1)


Message History

No target in view!
No target in view!
An endoplasm comes into view.
A giant cockroach comes into view.
You open the door.
A frilled lizard, a jackal and a giant cockroach come into view.
Found a scroll labelled WEXOTE PAISH and a robe.
You hit the giant cockroach but do no damage.
The jackal barks!
The giant cockroach closely misses you.
The giant cockroach barely misses you. x2
The endoplasm quivers.
The giant cockroach bites you but does no damage.
The giant cockroach barely misses you. The giant cockroach barely misses you.
The giant cockroach bites you.
The giant cockroach bites you but does no damage.
The giant cockroach barely misses you.
The giant cockroach waves its antennae.
The giant cockroach barely misses you.
The giant cockroach bites you but does no damage.
The giant cockroach waves its antennae.
The endoplasm jiggles.
The jackal bites you.
The giant cockroach bites you but does no damage.
You enter the shallow water.
Moving in this stuff is going to be slow.
The jackal barely misses you. The giant cockroach barely misses you.
The jackal barely misses you.
The giant cockroach bites you but does no damage.
The jackal bites you.
The giant cockroach splashes around in the water.
The giant cockroach waves its antennae.
The giant cockroach bites you. The jackal closely misses you.
There is a staircase leading out of the dungeon here.
Are you sure you want to leave the Dungeon?
This will make you lose the game!
Alright, then stay!
Are you sure you want to leave the Dungeon?
This will make you lose the game! The giant cockroach barely misses you.
The jackal barely misses you.
The giant cockroach bites you but does no damage.
You have escaped!

#####....#......
##################..###
##≈.....#..####.....>...
#≈...........≈#.........
##...........##.........
##...........###....÷....
#......≈≈≈...............
.......≈..B≈..............
.......≈.@BJ......########
.#...[.≈..h≈.....##
#......≈≈≈......#
##.............##
##...........##
#≈.#...#.....#
##≈#####....≈≈# # ########


You could see an endoplasm, a jackal and 2 giant cockroaches.

Vanquished Creatures
  A dart slug (D:1)
  A goblin (D:1)
  A kobold (D:1)
  A quokka (D:1)
  A frilled lizard (D:1)
  A rat (D:1)
6 creatures vanquished.

Notes
Turn   | Place    | Note
-------+----------+-------------------------------------------
     0 | D:1      | ChickenMitten the Ogre Hunter began the quest for the Orb.
     0 | D:1      | Reached XP level 1. HP: 22/22 MP: 1/1
    51 | D:1      | Found a faded altar of an unknown god.
    78 | D:1      | Prayed at the altar of an unknown god.
    78 | D:1      | Became a worshipper of Dithmenos the Shadowed
    78 | D:1      | Reached * piety under Dithmenos
   255 | D:1      | Found Xutoj's Distillery.
   266 | D:1      | Reached XP level 2. HP: 26/29 MP: 2/2
   360 | D:$      | Got out of the dungeon alive.

Illustrated notes

Levels and vault maps discovered:
D:1:      enne_arrival_octagon_isle, layout_basic,
          chequers_ecumenical_altar_simple_redux, serial_shops, shop,
          minmay_3d_cube

Action                   || total
-------------------------++-------
Melee: Short sword       ||    28
 Stab: Sleeping          ||     1
Armor: Robe              ||    14
Dodge: Dodged            ||    28
